 Dungeon Crawl Stone Soup version 0.28-a0-477-g0b43c73ce0 (webtiles) character file.

Game seed: 9354037368350164174

133 Dabor the Skirmisher (level 5, -1/42 HPs)
             Began as a Formicid Abyssal Knight on Sept 16, 2021.
             Was a Follower of Lugonu.
             Succumbed to a water moccasin's poison
             ... in a sewer.
             The game lasted 00:07:43 (3966 turns).

Dabor the Skirmisher (Formicid Abyssal Knight)      Turns: 3966, Time: 00:07:44

Health: -1/42      AC:  9    Str: 17    XL:     5   Next: 39%
Magic:  7/7        EV:  7    Int: 12    God:    Lugonu [*.....]
Gold:   60         SH:  0    Dex: 10    Spells: 4/4 levels left

rFire   . . .      SeeInvis +   a - +1 spear (vorpal)
rCold   . . .      Faith    .   (no shield)
rNeg    . . .      Spirit   .   e - +0 chain mail
rPois   .          Reflect  .   (helmet unavailable)
rElec   .          Harm     .   (no cloak)
rCorr   .          Rampage  .   (no gloves)
Will    .....                   (no boots)
Stlth   ..........              (no amulet)
HPRegen 0.14/turn               k - ring of wizardry
MPRegen 0.10/turn               (no ring)

@: lethally poisoned (-1 -> -15), weak-willed
A: permanent stasis, dig shafts and tunnels, antennae 3, four strong arms
a: Dig, Renounce Religion, Depart the Abyss


You were in a sewer.
You worshipped Lugonu.
Lugonu was aware of your devotion.
You visited 1 branch of the dungeon, and saw 4 of its levels.
You visited the Abyss 1 time.
You also visited: Sewer.

You collected 60 gold pieces.

Inventory:

Hand Weapons
 a - a +1 vorpal spear (weapon)
Armour
 e - a +0 chain mail (worn)
Jewellery
 k - a ring of wizardry (left hand)
 m - a ring of resist corrosion
Wands
 l - a wand of iceblast (9)
Scrolls
 c - 2 scrolls of identify
 d - 2 scrolls of brand weapon
 g - a scroll of noise
 j - a scroll of fear {unknown}
Potions
 h - 3 potions of haste


   Skills:
 + Level 4.0 Fighting
 * Level 2.9 Polearms
 + Level 3.1 Armour
 + Level 2.0 Dodging
 + Level 0.1 Stealth
 + Level 3.3 Invocations
 + Level 0.1 Evocations


You had 4 spell levels left.
You didn't know any spells.
Your spell library contained the following spells:

 Spells                   Type           Power      Damage    Failure   Level
 Gell's Gravitas          Tloc           0%         N/A       99%         3
 Lesser Beckoning         Tloc           0%         N/A       99%         3
 Teleport Other           Tloc           0%         N/A       99%         3


Dungeon Overview and Level Annotations

Branches:
Dungeon (4/15)              Sewer (1/1)
 Temple: D:4-7

Altars:
Fedhas
Vehumet
Xom

Shops:
D:1 (

Annotations:
D:3 2 transporters, RinnBerevan's ghost, amateur DjFE


Innate Abilities, Weirdness & Mutations

You cannot be hasted, slowed, berserked, paralysed or teleported.
You can dig through walls and to a lower floor.
You have a pair of large antennae on your head. (SInv)
Your four strong arms can wield two-handed weapons with a shield.


Message History

There is a gate leading back out of this place here.
A water moccasin comes into view.
Found a bubbling purple potion and 31 gold pieces.
You completely miss the water moccasin. The water moccasin bites you.
You are poisoned.
The water moccasin poisons you!
You barely miss the water moccasin.
You feel very sick.
The water moccasin bites you but does no damage.
The water moccasin bites you.
You hit the water moccasin.
The water moccasin is lightly wounded.
You feel sick. The water moccasin bites you!
You feel sick.
You feel sick. The water moccasin bites you.
It was a potion of cancellation.
You feel magically purged.
You feel sick.
The water moccasin bites you but does no damage.
As you read the scroll labelled XALOTE VUKU, it crumbles to dust.
It is a scroll of brand weapon.
Your +1 spear emits a brilliant flash of light!
a - a +1 vorpal spear (weapon)
You feel sick. The water moccasin bites you. x2
As you read the scroll labelled QOTHO HIENLA, it crumbles to dust.
It is a scroll of identify.
g - a scroll of noise You feel sick.
The water moccasin bites you!
* * * LOW HITPOINT WARNING * * *
As you read the scroll labelled GUDORCH QIONIU, it crumbles to dust.
The creatures around you are filled with an inner flame!
It was a scroll of immolation.
You feel sick.
You are no longer poisoned.
The water moccasin bites you.
* * * LOW HITPOINT WARNING * * *
You are lethally poisoned!
The water moccasin poisons you!
The water moccasin bites you but does no damage.
Okay, then.
As you read the scroll labelled WIMAIJ UNKUNU, it crumbles to dust.
Magic quickly surges around you.
It was a scroll of vulnerability.
You die...

#.# #.# #.# #.#
####### #.#
##.....## #.#
##...≈...#
#.#######...≈≈≈..†
#..........≈≈≈≈≈.†
#@#######...≈≈≈...
#S# ##...≈...# #.#
##.....## #.#
####### ... .....
....... #.......#
#.......#


You could see a water moccasin (inner flame, weak-willed).

Vanquished Creatures
  A centaur zombie (D:3)
  4 adders
  2 worms (D:2)
  4 dart slugs
  2 orcs (D:3)
  3 ball pythons
  4 endoplasms
  4 giant cockroaches
  4 goblins
  A hobgoblin (D:3)
  2 kobolds (D:1)
  2 quokkas
  9 bats
  3 frilled lizards
  5 rats
50 creatures vanquished.

Vanquished Creatures (others)
  6 plants (D:3)
6 creatures vanquished.

Grand Total: 56 creatures vanquished

Notes
Turn   | Place    | Note
-------+----------+-------------------------------------------
     0 | Abyss:1  | Dabor the Formicid Abyssal Knight began the quest for the
                  | Orb.
     0 | Abyss:1  | Reached XP level 1. HP: 18/18 MP: 2/2
     5 | Abyss:1  | Found a corrupted altar of Lugonu.
    70 | Abyss:1  | Found a shimmering blue altar of Sif Muna.
   124 | Abyss:1  | Noticed a crimson imp
   125 | D:1      | Escaped the Abyss
   304 | D:1      | Found Xety's Antique Weapon Emporium.
   313 | D:1      | Reached skill level 1 in Dodging
   373 | D:1      | Reached XP level 2. HP: 24/24 MP: 3/3
   785 | D:1      | Reached * piety under Lugonu
   954 | D:1      | Reached XP level 3. HP: 29/29 MP: 4/4
  2076 | D:2      | Reached XP level 4. HP: 14/37 MP: 6/6
  2404 | D:3      | Noticed a steam dragon
  2704 | D:3      | Found a shimmering altar of Xom.
  2705 | D:3      | Found a shimmering altar of Xom.
  2706 | D:3      | Found a shimmering altar of Xom.
  2706 | D:3      | Found a shimmering altar of Xom.
  2707 | D:3      | Found a shimmering altar of Xom.
  2771 | D:3      | Found a radiant altar of Vehumet.
  2996 | D:3      | Found a shimmering altar of Xom.
  2996 | D:3      | Found a shimmering altar of Xom.
  2997 | D:3      | Found a shimmering altar of Xom.
  3100 | D:3      | Found a blossoming altar of Fedhas.
  3212 | D:3      | Found a transporter.
  3247 | D:3      | Reached skill level 4 in Fighting
  3247 | D:3      | Reached XP level 5. HP: 33/42 MP: 7/7
  3362 | D:3      | Found a faded altar of an unknown god.
  3436 | D:3      | Found a transporter.
  3463 | D:3      | Noticed RinnBerevan's ghost (amateur DjFE)
  3890 | D:4      | Found a glowing drain.
  3900 | Sewer    | Entered a sewer
  3954 | Sewer    | Noticed a water moccasin
  3966 | Sewer    | Succumbed to a water moccasin's poison

Illustrated notes

Levels and vault maps discovered:
D:1:      denvon_arrival_planthouse, layout_basic, serial_shops,
          nicolae_shop_behind_doors
D:2:      layout_loops_ring
D:3:      layout_loops_corners, mainiacjoe_overflow_boulevard,
          nicolae_vehumet_radiance, xom_redecorated,
          shapermc_ecumenical_altar_mp_vishouse, gammafunk_ghost_gnarly_gnolls,
          minmay_misc_feat_rows, kennysheep_generic_room_13
D:4:      layout_loops_ring, tgw_kikubaaqudgha, portal_sewer_entry_d,
          uniq_sigmund
Sewer:    sewer_big_baddie

Skill      XL: |  1  2  3  4  5 |
---------------+----------------+-----
Dodging        | 1 2 |  2.0
Invocations    | 3 |  3.3
Fighting       | 4 |  4.0
Armour         | 3 |  3.1
Polearms       | |  2.9
Stealth        | |  0.1
Evocations     | |  0.1

Action                   |  1- 3 |  4- 6 || total
-------------------------+-------+-------++-------
Melee: Spear             |   115 |    86 ||   201
Invok: Depart the Abyss  |     1 |       ||     1
 Abil: Dig               |       |     1 ||     1
  Use: Potion            |     1 |     1 ||     2
       Scroll            |       |     4 ||     4
 Stab: Sleeping          |     1 |       ||     1
Armor: Leather armour    |     4 |       ||     4
       Ring mail         |    15 |     2 ||    17
       Chain mail        |       |    68 ||    68
Dodge: Dodged            |    30 |    29 ||    59

Table legend: (Time is in decaauts)
 A = Elapsed time spent in this place.
 B = Non-inter-level travel time spent in this place.
 C = Inter-level travel time spent in this place.
 D = Time resting spent in this place.
 E = Time spent auto-exploring this place.
 F = Levels seen in this place.
 G = Mean time per level.
                   A        B        C        D        E       F      G
               +--------+--------+--------+--------+--------+-----+--------+
         Total |   3962 |   3820 |    142 |    880 |   2085 |   6 |  660.3 |
       Dungeon |   3772 |   3630 |    142 |    880 |   2016 |   4 |  943.0 |
         Abyss |    125 |    125 |      0 |      0 |     69 |   1 |  125.0 |
         Sewer |     65 |     65 |      0 |      0 |      0 |   1 |   65.0 |
               +--------+--------+--------+--------+--------+-----+--------+

Top non-repeatable levels by time:
     D:3: 1486 daAuts
     D:2: 1256 daAuts
     D:1: 991 daAuts
 Abyss:1: 125 daAuts
   Sewer: 65 daAuts
     D:4: 37 daAuts
